 Dungeon Sprint DCSS version 0.27-a0-1196-g3e9cee4cb2 (webtiles) character file.

Game seed: 12970484186963762813

6737 Conn the Thaumaturge (level 11, -3/64 HPs)
             Began as an Octopode Hedge Wizard on May 29, 2021.
             Was a High Priest of Sif Muna.
             Slain by a demonic crawler (6 damage)
             ... in the Dungeon (Sprint I: "Red Sonja").
             The game lasted 00:52:51 (4606 turns).

Conn the Thaumaturge (Octopode Hedge Wizard)        Turns: 4606, Time: 00:52:52

Health: -3/64      AC:  1    Str:  9    XL:     11   Next: 4%
Magic:  0/27       EV: 12    Int: 19    God:    Sif Muna [*****.]
Gold:   420        SH:  9    Dex: 13    Spells: 10/35 levels left

rFire    . . .     SeeInvis .   f - +0 short sword (distort)
rCold    . . .     Faith    .   k - +0 kite shield {reflect}
rNeg     . . .     Spirit   +   b - +0 hat
rPois    .         Reflect  +   g - amulet of guardian spirit
rElec    .         Harm     .   (no ring)
rCorr    .         Rampage  .   (no ring)
Will     .....     NoTele   +   (no ring)
Stlth    ++++......             (no ring)
HPRegen  0.20/turn              (no ring)
MPRegen  0.20/turn              (no ring)
                                (no ring)
                                (no ring)

@: very slightly contaminated
A: almost no armour, amphibious, 8 rings, camouflage 1, gelatinous body 1,
(nimble swimmer 1), tentacles
a: Renounce Religion, Channel Magic, Forget Spell, Divine Exegesis


You were in the Dungeon.
You worshipped Sif Muna.
Sif Muna was extremely pleased with you.
You visited 1 branch You collected 1272 gold pieces.
You spent 852 gold pieces at shops.

Inventory:

Hand Weapons
 a - a +0 dagger
 c - a +1 dagger of speed
 f - a +0 short sword of distortion (weapon)
Missiles
 e - a curare-tipped dart (quivered)
Armour
 b - a +0 hat (worn)
 k - a +0 kite shield of reflection (worn)
Jewellery
 g - an amulet of guardian spirit (around mantle)
Scrolls
 h - a scroll of identify
 i - 2 scrolls of blinking
 j - a scroll of amnesia
Potions
 d - 4 potions of curing
Miscellaneous
 l - a piece from Xom's chessboard (15/15)


   Skills:
 + Level 2.1 Fighting
 + Level 4.5 Short Blades
 + Level 2.9 Throwing
 + Level 3.6 Dodging
 + Level 7.2 Stealth
 * Level 5.4 Shields
 + Level 12.8 Spellcasting
 * Level 9.9 Conjurations
 + Level 4.2 Hexes
 + Level 9.3 Summonings
 - Level 5.0 Translocations
 * Level 9.7 Fire Magic
 - Level 5.0 Air Magic
 - Level 6.0 Poison Magic
 - Level 6.0 Invocations


You had 10 spell levels left.
You knew the following spells:

 Your Spells              Type           Power      Damage    Failure   Level
a - Magic Dart            Conj           100%       1d8       1%          1
b - Blink                 Tloc           N/A        N/A       3%          2
c - Call Imp              Summ           47%        N/A       1%          2
d - Slow                  Hex            28%        N/A       4%          2
e - Conjure Flame         Conj/Fire      49%        6-21      1%          3
f - Mephitic Cloud        Conj/Pois/Air  38%        N/A       3%          3
g - Iskenderun's Mystic   Conj/Tloc      40%        2d9       9%          4
h - Ignite Poison         Fire/Tmut/Pois 32%        N/A       7%          3
i - Bolt of Magma         Conj/Fire/Erth 18%        4d10      34%         5

Your spell library contained the following spells:

 Spells                   Type           Power      Damage    Failure   Level
 Shock                    Conj/Air       100%       1d9       1%          1
 Apportation              Tloc           62%        N/A       2%          1
 Inner Flame              Hex/Fire       38%        N/A       3%          3
 Summon Guardian Golem    Hex/Summ       38%        N/A       3%          3
 Tukima's Dance           Hex            28%        N/A       10%         3
 Cause Fear               Hex            14%        N/A       32%         4
 Starburst                Conj/Fire      24%        8x6d8     45%         6
 Silence                  Hex/Air        14%        N/A       61%         5
 Conjure Ball Lightning   Conj/Air       20%        3x3d6     80%         6
 Freezing Cloud           Conj/Ice/Air   15%        6-21      98%         6
 Ignition                 Fire           24%        3d8       100%        8


Dungeon Overview and Level Annotations

Branches:
Dungeon (1/1)

Altars:
Cheibriados
Dithmenos
Elyvilon
Fedhas
Gozag
Hepliaklqana
Kikubaaqudgha
Makhleb
Nemelex Xobeh
Okawaru
Qazlal
Ru
Sif Muna
Trog
Uskayaw
Vehumet
Wu Jian
Xom
Yredelemnul
Zin
The Shining One
Jiyva
Lugonu

Shops:
D :!*?![*?[:(?([((?(([[


Innate Abilities, Weirdness & Mutations

You cannot wear most types of armour.
You are amphibious.
You can wear up to eight rings at the same time.
Your skin changes colour to match your surroundings (Stealth+).
Your rubbery body absorbs attacks. (AC +1, EV +1)
((You are camouflaged near water. (Stealth+)))
You have tentacles for arms and can constrict up to eight enemies at once.


Message History

You open the door. 4 demonic crawlers come into view.
You block the demonic crawler's attack. The demonic crawler closely misses you.
The demonic crawler hits you!
The demonic crawler gives a hideous shriek!
There is an open door, spattered with blood here.
The demonic crawler gives a hideous shriek! x2
Casting: Iskenderun's Mystic Blast (dangerous; 9% risk of failure)
Confirm with . or Enter, or press ? or * to list all spells.
You miscast Blink.
You are very lightly contaminated with residual magic.
Nothing appears to happen.
The demonic crawler hits you! The demonic crawler misses you.
You block the demonic crawler's attack. The demonic crawler misses you.
The demonic crawler hits you! The demonic crawler hits you.
Casting: Blink (safe; 3% risk of failure)
Confirm with . or Enter, or press ? or * to list all spells.
You blink.
The demonic crawler hits you! The demonic crawler hits you.
You block the demonic crawler's attack.
Unknown command.
Casting: Blink (safe; 3% risk of failure)
Confirm with . or Enter, or press ? or * to list all spells.
You blink.
The demonic crawler hits you! x2
The demonic crawler completely misses you.
Casting: Blink (safe; 3% risk of failure)
Confirm with . or Enter, or press ? or * to list all spells.
You blink.
The demonic crawler barely misses you.
You block the demonic crawler's attack. x2; The demonic crawler hits you!
* * * LOW HITPOINT WARNING * * *
The demonic crawler hits you.
* * * LOW HITPOINT WARNING * * *
The demonic crawler hits you!
* * * LOW HITPOINT WARNING * * *
You block the demonic crawler's attack. The demonic crawler misses you.
The demonic crawler hits you.
* * * LOW HITPOINT WARNING * * *
The demonic crawler barely misses you. The demonic crawler hits you.
* * * LOW HITPOINT WARNING * * *
The demonic crawler hits you.
You die...

###############
.'..#__#..[.).#
.#..'..)..#..§##+#
###'#__####...sss#
..#.####§.#####s@+
.##.#§§§§§#..##+##
'#_.'≈§§..§..#
..._#≈§§§.#..#
_.#'##'#####'###
#'#)#.§§(###.'.#
#.####'###.###.#
..)'.....'.∩##.#
...###########.#


You could see 4 demonic crawlers.

Vanquished Creatures
  2 centaur warriors (D)
  Sonja (D)
  A deep troll (D)
  An oklob plant (D)
  2 unseen horrors (D)
  A kobold demonologist (D)
  A hornet (D)
  A slime creature (D)
  2 redbacks (D)
  2 floating eyes (D)
  6 necrophages (D)
  5 jellies (D)
  Ijyb (D)
26 creatures vanquished.

Vanquished Creatures (collateral kills)
  8 shining eyes (D)
  A kobold demonologist (D)
  Sigmund (D)
  A yak (D)
  4 floating eyes (D)
  An ogre (D)
  3 jellies (D)
19 creatures vanquished.

Vanquished Creatures (others)
  A gargoyle (D)
  2 ballistomycete spores (D)
3 creatures vanquished.

Grand Total: 48 creatures vanquished

Notes
Turn   | Place    | Note
-------+----------+-------------------------------------------
     0 | D        | Conn the Octopode Hedge Wizard began the quest for the Orb.
     0 | D        | Reached XP level 1. HP: 11/11 MP: 4/4
     1 | D        | Noticed Ijyb
    10 | D        | Killed Ijyb
    11 | D        | Reached skill level 5 in Spellcasting
    11 | D        | Reached XP level 2. HP: 8/17 MP: 5/8
   226 | D        | Learned a level 2 spell: Blink
   229 | D        | Learned a level 2 spell: Call Imp
   232 | D        | Learned a level 2 spell: Slow
   243 | D        | Noticed an ogre
   274 | D        | Killed an ogre
   275 | D        | Reached skill level 6 in Spellcasting
   275 | D        | Reached XP level 3. HP: 21/21 MP: 3/11
   275 | D        | Reached XP level 4. HP: 27/27 MP: 3/12
   351 | D        | Learned a level 3 spell: Conjure Flame
   355 | D        | Learned a level 3 spell: Mephitic Cloud
   360 | D        | Noticed Sigmund
   387 | D        | Killed Sigmund
   388 | D        | Reached skill level 1 in Short Blades
   388 | D        | Reached skill level 7 in Spellcasting
   388 | D        | Reached skill level 1 in Fire Magic
   388 | D        | Reached skill level 1 in Air Magic
   388 | D        | Reached XP level 5. HP: 31/31 MP: 2/15
   490 | D        | Found an ornate altar of the Wu Jian Council.
   490 | D        | Found a shimmering blue altar of Sif Muna.
   492 | D        | Found a radiant altar of Vehumet.
   643 | D        | Became a worshipper of Sif Muna the Loreminder
   662 | D        | Found Imoqurun's Magic Scroll Emporium.
   662 | D        | Found an ancient bone altar of Kikubaaqudgha.
   662 | D        | Found a hazy altar of Hepliaklqana.
   662 | D        | Found a stormy altar of Qazlal.
   662 | D        | Found a hide-covered altar of Uskayaw.
   662 | D        | Found a blossoming altar of Fedhas.
   662 | D        | Found a bloodstained altar of Trog.
   662 | D        | Found an iron altar of Okawaru.
   662 | D        | Found a basalt altar of Yredelemnul.
   662 | D        | Found a glowing golden altar of the Shining One.
   662 | D        | Found a snail-covered altar of Cheibriados.
   662 | D        | Found a sacrificial altar of Ru.
   662 | D        | Found a glowing silver altar of Zin.
   662 | D        | Found a shadowy altar of Dithmenos.
   662 | D        | Found a white marble altar of Elyvilon.
   662 | D        | Noticed a yak
   689 | D        | Killed a yak
   690 | D        | Reached skill level 8 in Spellcasting
   690 | D        | Reached skill level 1 in Hexes
   690 | D        | Reached XP level 6. HP: 36/36 MP: 5/17
   691 | D        | Found an opulent altar of Gozag.
   692 | D        | Found a sparkling altar of Nemelex Xobeh.
   772 | D        | Found a burning altar of Makhleb.
   772 | D        | Found a viscous altar of Jiyva.
   772 | D        | Found a shimmering altar of Xom.
   772 | D        | Found a corrupted altar of Lugonu.
   772 | D        | Noticed a slime creature
   784 | D        | Killed a slime creature
   785 | D        | Reached XP level 7. HP: 37/41 MP: 14/19
   846 | D        | Noticed Sonja
   862 | D        | HP: 2/41 [Sonja/+0 short sword of distortion (17)]
   881 | D        | Killed Sonja
   881 | D        | Reached * piety under Sif Muna
   882 | D        | Reached skill level 9 in Spellcasting
   882 | D        | Reached skill level 5 in Conjurations
   882 | D        | Reached skill level 5 in Summonings
   882 | D        | Reached skill level 5 in Poison Magic
   882 | D        | Reached XP level 8. HP: 32/46 MP: 4/21
   891 | D        | Killed a gargoyle
  1152 | D        | Found Uruorch's Book Boutique.
  1223 | D        | Noticed a deep troll
  1464 | D        | Noticed a kobold demonologist
  1466 | D        | Noticed a kobold demonologist
  1469 | D        | Reached skill level 5 in Translocations
  1469 | D        | Reached skill level 5 in Fire Magic
  1469 | D        | Reached skill level 5 in Air Magic
  1483 | D        | Killed a kobold demonologist
  1484 | D        | Reached skill level 5 in Stealth
  1494 | D        | Killed a kobold demonologist
  1494 | D        | Reached ** piety under Sif Muna
  1495 | D        | Reached skill level 1 in Fighting
  1495 | D        | Reached skill level 10 in Spellcasting
  1510 | D        | Killed a deep troll
  1511 | D        | Reached XP level 9. HP: 53/53 MP: 12/23
  1612 | D        | Found Gothrereoh's Armour Emporium.
  1627 | D        | Noticed a centaur warrior
  1636 | D        | Noticed a centaur warrior
  1653 | D        | Killed a centaur warrior
  1654 | D        | Reached skill level 1 in Throwing
  1654 | D        | Reached skill level 5 in Invocations
  1660 | D        | Killed a centaur warrior
  1661 | D        | Reached skill level 11 in Spellcasting
  1793 | D        | Bought a scroll of acquirement for 728 gold pieces
  1794 | D        | Acquired a +0 kite shield of reflection
  1839 | D        | Noticed a shining eye
  1839 | D        | Noticed a shining eye
  1839 | D        | Noticed a shining eye
  1852 | D        | Paralysed by a floating eye for 3 turns
  1857 | D        | Killed a shining eye
  1857 | D        | Reached *** piety under Sif Muna
  1858 | D        | Reached skill level 1 in Shields
  1868 | D        | Killed a shining eye
  1875 | D        | Reached XP level 10. HP: 59/59 MP: 12/25
  1877 | D        | Paralysed by a floating eye for 3 turns
  1880 | D        | Reached **** piety under Sif Muna
  2007 | D        | Killed a shining eye
  2017 | D        | Noticed a shining eye
  2017 | D        | Noticed a shining eye
  2017 | D        | Noticed a shining eye
  2044 | D        | Killed a shining eye
  2068 | D        | Killed a shining eye
  2085 | D        | Killed a shining eye
  2085 | D        | Reached ***** piety under Sif Muna
  2095 | D        | Noticed a shining eye
  2095 | D        | Noticed a shining eye
  2114 | D        | Killed a shining eye
  2130 | D        | Killed a shining eye
  2131 | D        | Reached skill level 12 in Spellcasting
  2135 | D        | Identified Sif Muna's Grimoire of Dislocated Flight (Sif
                  | Muna gifted it to you in the Dungeon)
  2135 | D        | Received a gift from Sif Muna
  2142 | D        | Learned a level 4 spell: Iskenderun's Mystic Blast
  2147 | D        | Found Tumaxach's Distillery.
  2147 | D        | Found Zyj Xesi's Distillery.
  2147 | D        | Found Rigg's Antique Armour Boutique.
  2147 | D        | Found Fuymuewn's General Store.
  2196 | D        | Bought a potion of lignification for 42 gold pieces
  2347 | D        | Noticed an oklob plant
  3350 | D        | Killed an oklob plant
  3417 | D        | Killed an unseen horror
  3961 | D        | Killed an unseen horror
  4093 | D        | Identified Sif Muna's Papyrus of the Burning Oath (Sif Muna
                  | gifted it to you in the Dungeon)
  4093 | D        | Received a gift from Sif Muna
  4106 | D        | Reached skill level 5 in Shields
  4122 | D        | Paralysed by a floating eye for 3 turns
  4147 | D        | Identified Sif Muna's Grimoire of the Glacier and Ignition
                  | (Sif Muna gifted it to you in the Dungeon)
  4147 | D        | Received a gift from Sif Muna
  4151 | D        | Reached XP level 11. HP: 42/63 MP: 3/27
  4203 | D        | Identified the +1 scale mail of the Toothy Hot Ocelot {rN+
                  | Dex+3}
  4352 | D        | Found Jiv Ekha's Magic Scroll Shoppe.
  4352 | D        | Found Tubliri's General Store.
  4352 | D        | Found Omolu's Antique Armour Boutique.
  4354 | D        | Found Esoiz's Book Emporium.
  4354 | D        | Found Xoequgoh's Weapon Shop.
  4354 | D        | Found Sulerph's Magic Scroll Shoppe.
  4354 | D        | Found Acireumm's Antique Weapon Boutique.
  4354 | D        | Found Vuffuahe's Armour Emporium.
  4354 | D        | Found Rybb's Weapon Shop.
  4354 | D        | Found Siniluaw's Antique Weapon Shoppe.
  4358 | D        | Found Tihymecovu's Magic Scroll Boutique.
  4359 | D        | Found Xameh's Weapon Emporium.
  4359 | D        | Found Dirphaex's Antique Weapon Boutique.
  4360 | D        | Found Pyrph's Armour Emporium.
  4371 | D        | Bought a scroll of blinking for 82 gold pieces
  4495 | D        | Learned a level 3 spell: Ignite Poison
  4501 | D        | Learned a level 5 spell: Bolt of Magma
  4606 | D        | HP: 3/64 [demonic crawler (1)]
  4606 | D        | Slain by a demonic crawler

Illustrated notes

Levels and vault maps discovered:
D:        dungeon_sprint_1 [red_sonja_temple_1, red_sonja_temple_small_1]

Skill      XL: |  1  2  3  4  5  6  7  8  9 10 |
---------------+-------------------------------+-----
Stealth        | 3 4 5 6 7 |  7.2
Spellcasting   | 5 6 7 8 9 10 11 12 | 12.8
Dodging        | 3 |  3.6
Conjurations   | 2 3 4 5 6 8 9 |  9.9
Short Blades   | 1 2 3 4 |  4.5
Summonings     | 2 3 4 5 7 9 |  9.3
Translocations | 2 3 4 5 |  5.0
Fire Magic     | 1 2 3 4 6 8 9 |  9.7
Air Magic      | 1 2 3 4 5 |  5.0
Poison Magic   | 2 3 4 5 6 |  6.0
Hexes          | 1 2 3 4 |  4.2
Invocations    | 4 6 |  6.0
Fighting       | 1 2 |  2.1
Throwing       | 2 |  2.9
Shields        | 1 5 |  5.4

Action                   |  1- 3 |  4- 6 |  7- 9 | 10-12 || total
-------------------------+-------+-------+-------+-------++-------
Melee: Dagger            |     7 |     7 |     2 |       ||    16
       Tentacles         |     2 |     2 |     3 |     8 ||    15
       Constrict         |     1 |       |     5 |     9 ||    15
       Short sword       |       |       |    12 |    43 ||    55
Throw: Dart              |       |       |     7 |       ||     7
 Cast: Call Imp          |     6 |    11 |    27 |    22 ||    66
       Magic Dart        |     1 |     3 |     9 |    16 ||    29
       Conjure Flame     |       |     2 |     5 |     3 ||    10
       Mephitic Cloud    |       |     1 |    12 |     8 ||    21
       Slow              |       |     1 |     3 |       ||     4
       Blink             |       |     1 |     2 |     7 ||    10
       Iskenderun's Myst |       |       |       |    38 ||    38
Invok: Channel Magic     |       |       |     1 |     1 ||     2
  Use: Potion            |     3 |       |     2 |     2 ||     7
       Scroll            |       |       |     1 |     1 ||     2
 Stab: Sleeping          |       |     1 |       |     3 ||     4
       Distracted        |       |     1 |       |     1 ||     2
       Confused          |       |       |     2 |       ||     2
Armor: Skin              |       |       |       |     1 ||     1
Dodge: Dodged            |     4 |     2 |     9 |    18 ||    33
Block: Kite shield       |       |       |       |    16 ||    16

Table legend: (Time is in decaauts)
 A = Elapsed time spent in this place.
 B = Non-inter-level travel time spent in this place.
 C = Inter-level travel time spent in this place.
 D = Time resting spent in this place.
 E = Time spent auto-exploring this place.
 F = Levels seen in this place.
 G = Mean time per level.
                   A        B        C        D        E       F      G
               +--------+--------+--------+--------+--------+-----+--------+
         Total |   4598 |   4598 |      0 |   2859 |      0 |   1 | 4598.0 |
       Dungeon |   4598 |   4598 |      0 |   2859 |      0 |   1 | 4598.0 |
               +--------+--------+--------+--------+--------+-----+--------+

Top non-repeatable levels by time:
       D: 4598 daAuts
